PR
TWINSBURG TIGERS @ TULSA OTTERS
06/26/2042
 
TOP OF THE 1ST
Twinsburg Tigers batting - Pitching for Tulsa Otters : RHP Floyd Emery
Pitching: RHP Floyd Emery
Batting: RHB Alex Kelley 0-0: Foul Ball, location: 2F
0-1: Foul Ball, location: 2F
0-2: Ground out 5-3 (Groundball, 56, EV 84.4 MPH)
Batting: RHB Roland Thomas 0-0: Called Strike
0-1: Swinging Strike
0-2: Ball
1-2: Ball
2-2: Strikes out swinging
Batting: SHB Sherwin Tacod 0-0: Ball
1-0: Ball
2-0: Called Strike
2-1: Foul Ball, location: 2F
2-2: Strikes out looking
Top of the 1st over - 0 runs, 0 hits, 0 errors, 0 left on base; Twinsburg 0 - Tulsa 0
BOTTOM OF THE 1ST
Tulsa Otters batting - Pitching for Twinsburg Tigers : RHP Vicente Zanga
Pitching: RHP Vicente Zanga
Batting: RHB Donnie Williams 0-0: Called Strike
0-1: Called Strike
0-2: Ball
1-2: Strikes out swinging
Batting: RHB Rod Clark 0-0: Fly out, F7 (Flyball, 7LM, EV 93.1 MPH)
Batting: LHB Benjamin Renninger 0-0: Ball
1-0: Ball
2-0: Ball
3-0: SINGLE (Flyball, 89S, EV 88.1 MPH)
Batting: RHB Tim White 0-0: Ball
1-0: Ball
2-0: Called Strike
2-1: Foul Ball, location: 2F
2-2: Strikes out swinging
Bottom of the 1st over - 0 runs, 1 hit, 0 errors, 1 left on base; Twinsburg 0 - Tulsa 0
TOP OF THE 2ND
Twinsburg Tigers batting - Pitching for Tulsa Otters : RHP Floyd Emery
Batting: LHB Ray Winters 0-0: Ball
1-0: Ball
2-0: Called Strike
2-1: Foul Ball, location: 2F
2-2: Ball
3-2: Base on Balls
Batting: RHB Ernie Lewis 0-0: Ball
1-0: Fly out, F3 (Popup, 3S, EV 73.8 MPH)
Batting: RHB António Martínez 0-0: Ball
Wild Pitch!
Ray Winters to second
1-0: Called Strike
1-1: SINGLE (Line Drive, 9LS, EV 110.0 MPH)
Ray Winters to third
Batting: RHB Aaron Carter 0-0: Ball
1-0: Ball
2-0: Ball
3-0: Called Strike
3-1: Called Strike
3-2: Foul Ball, location: 2F
3-2: Fly out, F8 (Flyball, 8RM, EV 87.5 MPH)
Runner from 3rd tags up, SCORES, throw by CF
Batting: RHB Claude Harper 0-0: Ball
António Martínez steals 2nd base
1-0: Foul Ball, location: 2F
1-1: Ball
2-1: Ball
3-1: Base on Balls
Batting: RHB Kevin Pearce 0-0: Foul Ball, location: 2F
0-1: Fly out, F7 (Line Drive, 7, EV 88.8 MPH)
Top of the 2nd over - 1 run, 1 hit, 0 errors, 2 left on base; Twinsburg 1 - Tulsa 0
BOTTOM OF THE 2ND
Tulsa Otters batting - Pitching for Twinsburg Tigers : RHP Vicente Zanga
Batting: RHB Júlio Rivera 0-0: Ball
1-0: Ball
2-0: Ball
3-0: Called Strike
3-1: Called Strike
3-2: DOUBLE (Line Drive, 3D, EV 104.4 MPH)
Batting: RHB Greg Nieto 0-0: Ground out 4-3 (Groundball, 4, EV 102.5 MPH)
Júlio Rivera to third
Batting: RHB Rick Caldwell 0-0: Foul Ball, location: 2F
0-1: SINGLE (Line Drive, 78M, EV 91.2 MPH)
Júlio Rivera scores
Batting: RHB Ethan Lewis 0-0: Fly out, F7 (Flyball, 7LMF, EV 96.2 MPH)
Batting: RHB Eric Erdman 0-0: Ball
1-0: Foul Ball, location: 2F
1-1: Called Strike
1-2: Fielders Choice at 2nd, 5-4 (Groundball, 5, EV 91.2 MPH)
Bottom of the 2nd over - 1 run, 2 hits, 0 errors, 1 left on base; Twinsburg 1 - Tulsa 1
TOP OF THE 3RD
Twinsburg Tigers batting - Pitching for Tulsa Otters : RHP Floyd Emery
Batting: RHB Alex Kelley 0-0: Called Strike
0-1: Foul Ball, location: 2F
0-2: Ball
1-2: Foul Ball, location: 2F
1-2: Ball
2-2: Foul Ball, location: 2F
2-2: Fly out, F7 (Flyball, 7D, EV 106.2 MPH)
Batting: RHB Roland Thomas 0-0: Called Strike
0-1: Swinging Strike
0-2: Strikes out swinging
Batting: SHB Sherwin Tacod 0-0: Called Strike
0-1: Swinging Strike
0-2: Strikes out swinging
Top of the 3rd over - 0 runs, 0 hits, 0 errors, 0 left on base; Twinsburg 1 - Tulsa 1
BOTTOM OF THE 3RD
Tulsa Otters batting - Pitching for Twinsburg Tigers : RHP Vicente Zanga
Batting: RHB Donnie Williams 0-0: Ball
1-0: Called Strike
1-1: Swinging Strike
1-2: Strikes out swinging
Batting: RHB Rod Clark 0-0: Foul Ball, location: 2F
0-1: Swinging Strike
0-2: Strikes out swinging
Batting: LHB Benjamin Renninger 0-0: Ball
1-0: Foul Ball, location: 2F
1-1: DOUBLE (Line Drive, 78D, EV 107.5 MPH)
Batting: RHB Tim White 0-0: Called Strike
0-1: Foul Ball, location: 2F
0-2: Ball
1-2: Foul Ball, location: 2F
1-2: Foul Ball, location: 2F
1-2: Reached on error, E5 (Groundball, 5L, EV 104.4 MPH)
Benjamin Renninger scores
Batting: RHB Júlio Rivera 0-0: Ground out 5-3 (Groundball, 56, EV 75.0 MPH)
Bottom of the 3rd over - 1 run, 1 hit, 1 error, 1 left on base; Twinsburg 1 - Tulsa 2
TOP OF THE 4TH
Twinsburg Tigers batting - Pitching for Tulsa Otters : RHP Floyd Emery
Batting: LHB Ray Winters 0-0: Ball
1-0: SINGLE (Flyball, 7S, EV 87.5 MPH)
Batting: RHB Ernie Lewis 0-0: Ball
1-0: Ball
2-0: Reached on error, E6 (Groundball, 6, EV 86.2 MPH)
Ray Winters to second
Batting: RHB António Martínez 0-0: Called Strike
0-1: Ball
1-1: Foul Ball, location: 2F
1-2: SINGLE (Groundball, 6MD, EV 95.0 MPH)
Ray Winters to third
Ernie Lewis to second
Batting: RHB Aaron Carter 0-0: Called Strike
0-1: Foul Ball, location: 2F
0-2: Fielders Choice at 2nd, 4-6 (Groundball, 34, EV 88.1 MPH)
Ray Winters scores
Ernie Lewis to third
Batting: RHB Claude Harper 0-0: Foul Ball, location: 2F
0-1: DOUBLE (Flyball, 8LXD, EV 111.9 MPH)
Ernie Lewis scores
Aaron Carter to third
Batting: RHB Kevin Pearce 0-0: Ball
1-0: Swinging Strike
1-1: Swinging Strike
1-2: Ball
2-2: Ball
3-2: Strikes out looking
Batting: RHB Alex Kelley 0-0: Called Strike
0-1: Swinging Strike
0-2: Foul Ball, location: 2F
0-2: Ground out 4-3 (Groundball, 4D, EV 95.0 MPH)
Top of the 4th over - 2 runs, 3 hits, 1 error, 2 left on base; Twinsburg 3 - Tulsa 2
BOTTOM OF THE 4TH
Tulsa Otters batting - Pitching for Twinsburg Tigers : RHP Vicente Zanga
Batting: RHB Greg Nieto 0-0: Called Strike
0-1: Foul Ball, location: 2F
0-2: Ball
1-2: Ball
2-2: Fly out, F8 (Line Drive, 8LD, EV 93.8 MPH)
Batting: RHB Rick Caldwell 0-0: Fly out, F8 (Line Drive, 8LM, EV 108.1 MPH)
Batting: RHB Ethan Lewis 0-0: Swinging Strike
0-1: Swinging Strike
0-2: Strikes out swinging, 2-3 out at first.
Bottom of the 4th over - 0 runs, 0 hits, 0 errors, 0 left on base; Twinsburg 3 - Tulsa 2
TOP OF THE 5TH
Twinsburg Tigers batting - Pitching for Tulsa Otters : RHP Floyd Emery
Batting: RHB Roland Thomas 0-0: Called Strike
0-1: Swinging Strike
0-2: Ball
1-2: Fly out, F8 (Line Drive, 8LM, EV 98.1 MPH)
Batting: SHB Sherwin Tacod 0-0: Swinging Strike
0-1: Called Strike
0-2: Strikes out looking
Batting: LHB Ray Winters 0-0: Ball
1-0: Ball
2-0: Foul Ball, location: 2F
2-1: Fly out, F6 (Popup, 6MS, EV 75.0 MPH)
Top of the 5th over - 0 runs, 0 hits, 0 errors, 0 left on base; Twinsburg 3 - Tulsa 2
BOTTOM OF THE 5TH
Tulsa Otters batting - Pitching for Twinsburg Tigers : RHP Vicente Zanga
Batting: RHB Eric Erdman 0-0: Called Strike
0-1: Called Strike
0-2: SINGLE (Flyball, 8LS, EV 93.8 MPH)
Batting: RHB Donnie Williams 0-0: Ball
1-0: DOUBLE (Line Drive, 89M, EV 100.6 MPH)
Eric Erdman to third
Runner from 3rd tries for Home, SAFE, throw by RF to home
Batting: RHB Rod Clark 0-0: SINGLE (Groundball, 4MD, EV 97.5 MPH)
Donnie Williams to third
Runner from 3rd tries for Home, throw by CF and OUT! 8-2
Rod Clark to second
Batting: LHB Benjamin Renninger 0-0: Ball
1-0: Called Strike
1-1: Ball
2-1: SINGLE (Groundball, 4MD, EV 105.6 MPH)
Rod Clark to third
Runner from 3rd tries for Home, SAFE, throw by CF to home
Batting: RHB Tim White 0-0: Ball
1-0: Ball
2-0: Ball
3-0: Called Strike
3-1: SINGLE (Groundball, 6D, EV 102.5 MPH)
Benjamin Renninger to second
Batting: RHB Júlio Rivera 0-0: Called Strike
0-1: Foul Ball, location: 2F
0-2: Ball
1-2: DOUBLE (Groundball, 5L, EV 107.5 MPH)
Benjamin Renninger scores
Tim White to third
Pitching: RHP Ming-hoa Ngui
Batting: RHB Greg Nieto 0-0: Called Strike
0-1: Ball
1-1: Ball
2-1: Ball
3-1: Base on Balls
Batting: RHB Rick Caldwell 0-0: Foul Ball, location: 2F
0-1: Ball
1-1: Ball
2-1: Fly out, F5 (Popup, 5SF, EV 85.6 MPH)
Batting: RHB Ethan Lewis 0-0: Ball
1-0: Fielders Choice at 2nd, 5-4 (Groundball, 5, EV 106.2 MPH)
Bottom of the 5th over - 3 runs, 6 hits, 0 errors, 3 left on base; Twinsburg 3 - Tulsa 5
TOP OF THE 6TH
Twinsburg Tigers batting - Pitching for Tulsa Otters : RHP Floyd Emery
Batting: RHB Ernie Lewis 0-0: Foul Ball, location: 2F
0-1: Ball
1-1: Called Strike
1-2: Ball
2-2: Foul Ball, location: 2F
2-2: Strikes out swinging
Batting: RHB António Martínez 0-0: Bunt - Flyout to 15S! F1
Batting: RHB Aaron Carter 0-0: Called Strike
0-1: Ball
1-1: Swinging Strike
1-2: Foul Ball, location: 2F
1-2: Strikes out swinging
Top of the 6th over - 0 runs, 0 hits, 0 errors, 0 left on base; Twinsburg 3 - Tulsa 5
BOTTOM OF THE 6TH
Tulsa Otters batting - Pitching for Twinsburg Tigers : RHP Ming-hoa Ngui
Batting: RHB Eric Erdman 0-0: DOUBLE (Line Drive, 9LM, EV 101.2 MPH)
Pitching: RHP Emery William
Batting: RHB Donnie Williams 0-0: Foul Ball, location: 2F
0-1: Ball
1-1: Ball
2-1: Fly out, F7 (Flyball, 78S, EV 89.4 MPH)
Pitching: LHP Steve Dimond
Batting: RHB Rod Clark 0-0: Intentional Walk
Batting: LHB Benjamin Renninger 0-0: Fly out, F7 (Flyball, 78D, EV 105.0 MPH)
Runner from 2nd tags up, SAFE at 3rd with throw by LF
Batting: RHB Tim White 0-0: Called Strike
0-1: Ball
1-1: Called Strike
1-2: Strikes out looking
Bottom of the 6th over - 0 runs, 1 hit, 0 errors, 2 left on base; Twinsburg 3 - Tulsa 5
TOP OF THE 7TH
Twinsburg Tigers batting - Pitching for Tulsa Otters : RHP Floyd Emery
Batting: RHB Claude Harper 0-0: Ball
1-0: Ball
2-0: Called Strike
2-1: Foul Ball, location: 2F
2-2: Foul Ball, location: 2F
2-2: Foul Ball, location: 2F
2-2: SINGLE (Flyball, 9S, EV 89.4 MPH)
Pitching: LHP Markus Magee
Batting: RHB Kevin Pearce 0-0: Called Strike
0-1: Ball
1-1: Fielders Choice at 2nd, 5-4 (Groundball, 56, EV 98.1 MPH)
Batting: RHB Alex Kelley 0-0: Ball
1-0: Called Strike
1-1: Swinging Strike
1-2: Ball
Kevin Pearce steals 2nd base (no throw)
2-2: Foul Ball, location: 2F
2-2: Ball
3-2: SINGLE (Line Drive, 78S, EV 87.5 MPH)
Kevin Pearce to third
Runner from 3rd tries for Home, SAFE, throw by LF to home
Batting: RHB Roland Thomas 0-0: Ground out 6-3 (Groundball, 6M, EV 90.6 MPH)
Alex Kelley to second
Batting: SHB Sherwin Tacod 0-0: Foul Ball, location: 2F
0-1: Called Strike
0-2: Foul Ball, location: 2F
0-2: Strikes out swinging
Top of the 7th over - 1 run, 2 hits, 0 errors, 1 left on base; Twinsburg 4 - Tulsa 5
BOTTOM OF THE 7TH
Tulsa Otters batting - Pitching for Twinsburg Tigers : LHP Steve Dimond
Batting: RHB Júlio Rivera 0-0: Ball
1-0: Called Strike
1-1: Called Strike
1-2: Ball
2-2: Ball
3-2: Strikes out swinging
Batting: RHB Greg Nieto 0-0: Ball
1-0: Swinging Strike
1-1: Ball
2-1: Foul Ball, location: 2F
2-2: Ball
3-2: Strikes out swinging
Batting: RHB Rick Caldwell 0-0: Swinging Strike
0-1: Ball
1-1: SINGLE (Line Drive, 8LS, EV 103.1 MPH)
Batting: RHB Ethan Lewis 0-0: Swinging Strike
0-1: Ball
1-1: Fly out, F9 (Flyball, 9LS, EV 90.0 MPH)
Bottom of the 7th over - 0 runs, 1 hit, 0 errors, 1 left on base; Twinsburg 4 - Tulsa 5
TOP OF THE 8TH
Twinsburg Tigers batting - Pitching for Tulsa Otters : LHP Markus Magee
Now in CF: Sergio Núńez
Batting: LHB Ray Winters 0-0: Swinging Strike
0-1: Fly out, F8 (Flyball, 8LS, EV 97.5 MPH)
Batting: RHB Ernie Lewis 0-0: Ball
1-0: Foul Ball, location: 2F
1-1: Foul Ball, location: 2F
1-2: Strikes out looking
Batting: RHB António Martínez 0-0: Foul Ball, location: 2F
0-1: Ball
1-1: Ball
2-1: Ball
3-1: Called Strike
3-2: Foul Ball, location: 2F
3-2: Ground out 6-3 (Groundball, 6, EV 79.4 MPH)
Top of the 8th over - 0 runs, 0 hits, 0 errors, 0 left on base; Twinsburg 4 - Tulsa 5
BOTTOM OF THE 8TH
Tulsa Otters batting - Pitching for Twinsburg Tigers : LHP Steve Dimond
Batting: RHB Eric Erdman 0-0: Called Strike
0-1: Foul Ball, location: 2F
0-2: Foul Ball, location: 2F
0-2: Ball
1-2: Ball
2-2: Strikes out swinging
Batting: RHB Donnie Williams 0-0: Ball
1-0: SINGLE (Groundball, 6MD, EV 106.2 MPH)
Batting: RHB Rod Clark 0-0: Ball
Donnie Williams steals 2nd base
1-0: Intentional Walk
Batting: LHB Benjamin Renninger 0-0: Called Strike
0-1: SINGLE (Line Drive, 56D, EV 93.8 MPH)
Donnie Williams to third
Rod Clark to second
Runner from 3rd tries for Home, SAFE, no throw by LF
Batting: RHB Tim White 0-0: Ball
1-0: Foul Ball, location: 2F
1-1: Foul Ball, location: 2F
1-2: Strikes out swinging
Batting: RHB Sergio Núńez 0-0: Foul Ball, location: 2F
0-1: Foul Ball, location: 2F
0-2: Ball
1-2: Ball
2-2: Strikes out swinging
Bottom of the 8th over - 1 run, 2 hits, 0 errors, 2 left on base; Twinsburg 4 - Tulsa 6
TOP OF THE 9TH
Twinsburg Tigers batting - Pitching for Tulsa Otters : LHP Markus Magee
Pitching: RHP Nathan May
Now at 1B: Ricardo Dávila
Batting: RHB Aaron Carter 0-0: Called Strike
0-1: Ball
1-1: Fly out, F4 (Line Drive, 4, EV 73.1 MPH)
Batting: RHB Claude Harper 0-0: Called Strike
0-1: Ball
1-1: Swinging Strike
1-2: Foul Ball, location: 2F
1-2: Strikes out swinging
Batting: RHB Kevin Pearce 0-0: Called Strike
0-1: Called Strike
0-2: Strikes out looking
Top of the 9th over - 0 runs, 0 hits, 0 errors, 0 left on base; Twinsburg 4 - Tulsa 6
Friday, March 26th, 2021 - OOTP Baseball 20.8 Build 74